 Dungeon Crawl Stone Soup version 0.28-a0-1080-g05a166d0ed (webtiles) character file.

Game seed: 254534500209552545

21 leviel the Skirmisher (level 2, -2/27 HPs)
             Began as a Hill Orc Fighter on Dec 9, 2021.
             Frozen to death by an endoplasm (3 damage)
             ... on level 1 of the Dungeon.
             The game lasted 00:00:43 (498 turns).

leviel the Skirmisher (Hill Orc Fighter)             Turns: 498, Time: 00:00:43

Health: -2/27      AC:  7    Str: 18    XL:     2   Next: 87%
Magic:  2/2        EV:  9    Int:  8    God:
Gold:   14         SH:  4    Dex: 10    Spells: 1/1 levels left

rFire   . . .      SeeInvis .   a - +0 long sword
rCold   . . .      Faith    .   c - +0 buckler
rNeg    . . .      Spirit   .   b - +1 scale mail
rPois   .          Reflect  .   (no helmet)
rElec   .          Harm     .   (no cloak)
rCorr   .          Rampage  .   (no gloves)
Will    .....                   (no boots)
Stlth   ..........              (no amulet)
HPRegen 0.09/turn               (no ring)
MPRegen 0.08/turn               (no ring)

@: no status effects
A: no striking features
a: no special abilities


You were on level 1 of the Dungeon.
You visited 1 branch of the dungeon, and saw 1 of its levels.

You collected 14 gold pieces.

Inventory:

Hand Weapons
 a - a +0 long sword (weapon)
Armour
 b - a +1 scale mail (worn)
 c - a +0 buckler (worn)
Potions
 d - a potion of might


   Skills:
 + Level 4.0 Fighting
 + Level 2.6 Long Blades
 + Level 3.5 Armour
 + Level 3.6 Shields


You had one spell level left.
You didn't know any spells.
Your spell library was empty.

Dungeon Overview and Level Annotations

Branches:
Dungeon (1/15)

Altars:


Message History

You hit the jackal.
The jackal is heavily wounded.
You block the jackal's attack.
The jackal bites you but does no damage.
You slash the jackal!
You kill the jackal!
You hit the goblin but do no damage. The goblin hits you but does no damage.
The goblin barely misses you.
You hit the goblin but do no damage. The goblin barely misses you.
You barely miss the goblin. The goblin hits you but does no damage.
You hit the goblin.
The goblin is moderately wounded.
The goblin hits you with a +0 club.
* * * LOW HITPOINT WARNING * * *
The goblin hits you but does no damage.
Your scale mail prevents you from hitting the goblin.
The goblin is moderately wounded.
The goblin hits you but does no damage.
You hit the goblin.
You kill the goblin!
The endoplasm freezes you.
You are frozen.
* * * LOW HITPOINT WARNING * * *
Your Fighting skill increases to level 4!
You slash the endoplasm!
You kill the endoplasm!
You closely miss the quokka. You block the quokka's attack.
The quokka bites you but does no damage.
You hit the quokka.
The quokka is moderately wounded.
The quokka bites you.
* * * LOW HITPOINT WARNING * * *
You closely miss the quokka.
The quokka is moderately wounded.
The quokka barely misses you.
You slash the quokka!
You kill the quokka!
The endoplasm freezes you.
You are frozen.
You die...

#..........#...........
#..........#...........
#..........#...........
#......######..........
#......# #######.###
#......# #.# #..(...#
#.# ######J# #.### #@##
#.... #..# ##..#
##.#############'#
#.##.............
#.#............<.
#.#.....#####....
#.#....##...##...
#.#...##..8..##'#
#.#..##..........


You could see an endoplasm.

Vanquished Creatures
  2 bats (D:1)
  3 endoplasms (D:1)
  5 jackals (D:1)
  2 quokkas (D:1)
  2 ball pythons (D:1)
  3 goblins (D:1)
  2 rats (D:1)
19 creatures vanquished.

Notes
Turn   | Place    | Note
-------+----------+-------------------------------------------
     0 | D:1      | leviel the Hill Orc Fighter began the quest for the Orb.
     0 | D:1      | Reached XP level 1. HP: 19/19 MP: 1/1
   291 | D:1      | Reached XP level 2. HP: 27/27 MP: 2/2
   329 | D:1      | Found a faded altar of an unknown god.
   494 | D:1      | Reached skill level 4 in Fighting
   496 | D:1      | HP: 1/27 [quokka (3)]
   498 | D:1      | Frozen to death by an endoplasm

Illustrated notes

Levels and vault maps discovered:
D:1:      giann_horns, layout_basic, ebering_ecumenical_altar_webs

Skill      XL: |  1  2 |
---------------+-------+-----
Fighting       | 4 |  4.0
Long Blades    | |  2.6
Armour         | |  3.5
Shields        | |  3.6

Action                   || total
-------------------------++-------
Melee: Long sword        ||    71
  Use: Scroll            ||     2
Armor: Scale mail        ||    40
Dodge: Dodged            ||    51
Block: Buckler           ||    18

Table legend: (Time is in decaauts)
 A = Elapsed time spent in this place.
 B = Non-inter-level travel time spent in this place.
 C = Inter-level travel time spent in this place.
 D = Time resting spent in this place.
 E = Time spent auto-exploring this place.
 F = Levels seen in this place.
 G = Mean time per level.
                   A        B        C        D        E       F      G
               +--------+--------+--------+--------+--------+-----+--------+
         Total |    518 |    518 |      0 |      0 |    368 |   1 |  518.0 |
       Dungeon |    518 |    518 |      0 |      0 |    368 |   1 |  518.0 |
               +--------+--------+--------+--------+--------+-----+--------+

Top non-repeatable levels by time:
     D:1: 518 daAuts
